 Dungeon Crawl Stone Soup version 0.17.0-1-g61d176b (webtiles) character file.

2888 imganon the Cleaver (level 9, -2/94 HPs)
             Began as a Demonspawn Berserker on Nov 7, 2015.
             Was an Elder of Trog.
             Slain by Pikel
             ... wielding a +1 whip of electrocution
              (4 damage)
             ... on level 7 of the Dungeon.
             The game lasted 00:14:57 (8077 turns).

imganon the Cleaver (Demonspawn Berserker)          Turns: 8077, Time: 00:14:58

Health: -2/94      AC: 15    Str: 25    XL:     9   Next: 48%
Magic:  9/9        EV:  7    Int:  9    God:    Trog [****..]
Gold:   302        SH:  0    Dex: 12    Spells: 0 memorised, 8 levels left

rFire  . . .     SeeInvis .     H - +0 battleaxe
rCold  + . .     Clarity  +     m - +0 plate armour
rNeg   . . .     SustAt   .     (shield currently unavailable)
rPois  .         Gourm    .     (no helmet)
rElec  .         Spirit   .     g - +0 cloak
rCorr  .         Warding  .     (no gloves)
rMut   .         Stasis   .     (no boots)
MR     .....                    w - amulet of clarity
Stlth  ..........               (no ring)
                                (no ring)

@: berserking, very quick, not resistant to hostile enchantments, extremely
unstealthy
A: hooves 1, rough black scales 1, cold resistance 1, freezing cloud immunity
a: Berserk, Trog's Hand, Brothers in Arms, Burn Spellbooks, Renounce Religion


You were on level 7 of the Dungeon.
You worshipped Trog.
Trog was greatly pleased with you.
You were not hungry.

You visited 1 branch of the dungeon, and saw 7 of its levels.

You collected 302 gold pieces.

Inventory:

Hand Weapons
 t - a +0 hand axe of flaming
 H - a +0 battleaxe (weapon)
Armour
 g - a +0 cloak (worn)
 m - a +0 plate armour (worn)
Jewellery
 w - an amulet of clarity (around neck)
 z - an uncursed ring of fire
Wands
 b - a wand of confusion (15)
 d - a wand of slowing (19)
 D - a wand of digging (12)
Scrolls
 e - 5 scrolls of identify {unknown}
 f - 2 scrolls of enchant weapon {unknown}
 h - a scroll of fog {unknown}
 i - a scroll of random uselessness {unknown}
 l - a scroll of recharging {unknown}
 n - a scroll of teleportation {unknown}
 p - a scroll of magic mapping {unknown}
 u - 2 scrolls of amnesia {unknown}
 v - 3 scrolls of remove curse {unknown}
 y - 2 scrolls of blinking {unknown}
 A - 3 scrolls of immolation {unknown}
Potions
 a - a potion of brilliance {unknown}
 j - 2 potions of beneficial mutation {unknown}
 k - a potion of flight {unknown}
 o - a potion of might {unknown}
 q - a potion of lignification {unknown}
 s - a potion of cancellation {unknown}
 x - a potion of magic {unknown}
 C - a potion of poison {unknown}
 E - 4 potions of curing
 G - a potion of invisibility {unknown}
Comestibles
 c - 3 bread rations
 r - 2 meat rations


   Skills:
 - Level 3.0 Fighting
 + Level 11.6 Axes
 - Level 1.7 Armour
 - Level 1.7 Dodging
 + Level 3.3 Stealth
 + Level 1.2 Evocations


You had 8 spell levels left.
You didn't know any spells.

Dungeon Overview and Level Annotations

Branches:
Dungeon (7/15)             Temple (0/1) D:5

Altars:
Ashenzari
Cheibriados
Dithmenos
Makhleb
Nemelex Xobeh
Ru
Vehumet
Xom
Zin
The Shining One

Shops:
D:4 :

Annotations:
D:7 Pikel


Innate Abilities, Weirdness & Mutations

You have large cloven feet.
You are partially covered in rough black scales (AC +4, Dex -1).
Your flesh is cold resistant.
You are immune to freezing clouds.


Message History

You slice the slave!!
The slave is severely wounded.
Pikel closely misses you. The slave hits you but does no damage.
Unknown command.
Unknown command.
You barely miss Pikel. You kick Pikel, but do no damage.
You closely miss the slave. x2
The slave is severely wounded.
The slave hits you.
* * * LOW HITPOINT WARNING * * *
Unknown command.
Unknown command.
You closely miss Pikel. You kick Pikel!
Pikel is lightly wounded.
You closely miss the slave.
The slave is severely wounded.
You hit the slave.
The slave is lightly wounded.
Pikel hits you with a whip of electrocution.
You die...

#...# #...#
#...# #...#
#...# #...#
#...# #pK.#
#@p.# #...#
#...# #...#
#...# #...#
#...# #...#
#...'.p.p..


You could see Pikel and 2 slaves.

Vanquished Creatures
  Joseph (D:7)
  Grinder (D:5)
  A hungry ghost (D:6)
  A hippogriff (D:6)
  Edmund (D:5)
  A sky beast (D:7)
  2 orc warriors (D:6)
  2 ogres
  2 centaurs
  3 giant frogs
  A gnoll sergeant (D:6)
  A wyvern zombie (D:6)
  2 scorpions (D:6)
  A crimson imp (D:5)
  A hound (D:6)
  A centaur zombie (D:5)
  Crazy Yiuf (D:2)
  An orc priest (D:7)
  Ijyb (D:2)
  A giant frog skeleton (D:7)
  A giant frog zombie (D:6)
  2 iguanas (D:4)
  6 orc wizards
  Terence (D:2)
  A centaur skeleton (D:5)
  5 worker ants
  A worker ant zombie (D:7)
  Robin (D:2)
  10 adders
  9 gnolls
  A shadow imp (D:6)
  An adder zombie (D:6)
  2 worms
  8 giant geckos
  15 orcs
  13 bats
  3 giant cockroaches
  19 goblins
  7 hobgoblins
  11 jackals
  6 quokkas
  2 giant gecko skeletons (D:6)
  5 giant newts
  6 kobolds
  9 rats
171 creatures vanquished.

Notes
Turn   | Place    | Note
--------------------------------------------------------------
     0 | D:1      | imganon the Demonspawn Berserker began the quest for the Orb.
     0 | D:1      | Reached XP level 1. HP: 18/18 MP: 1/1
   224 | D:1      | Found a shattered altar of Ashenzari.
   325 | D:1      | Gained mutation: Your flesh is cold resistant. [demonic ancestry]
   325 | D:1      | Reached XP level 2. HP: 5/24 MP: 2/2
  1271 | D:2      | Found a burning altar of Makhleb.
  1292 | D:2      | Reached XP level 3. HP: 16/29 MP: 3/3
  1629 | D:2      | Reached skill level 4 in Axes
  1672 | D:2      | Noticed Terence
  1673 | D:2      | Noticed Ijyb
  1674 | D:2      | Found a shadowy altar of Dithmenos.
  1678 | D:2      | Killed Terence
  1678 | D:2      | Reached XP level 4. HP: 35/35 MP: 4/4
  1712 | D:2      | Killed Ijyb
  1822 | D:2      | Found a glowing golden altar of the Shining One.
  1886 | D:2      | Reached ** piety under Trog
  1993 | D:2      | Noticed Robin
  2007 | D:2      | Killed Robin
  2007 | D:2      | Reached skill level 5 in Axes
  2073 | D:2      | Gained mutation: You have large cloven feet. [demonic ancestry]
  2073 | D:2      | Reached XP level 5. HP: 41/41 MP: 5/5
  2190 | D:2      | Reached skill level 1 in Stealth
  2251 | D:2      | Noticed Crazy Yiuf
  2265 | D:2      | Killed Crazy Yiuf
  2795 | D:3      | Found a shimmering altar of Xom.
  2857 | D:3      | Reached *** piety under Trog
  2893 | D:3      | Found a snail-covered altar of Cheibriados.
  2954 | D:3      | Found a sacrificial altar of Ru.
  3330 | D:4      | Found Cuynej's Book Emporium.
  3664 | D:4      | Found a sparkling altar of Nemelex Xobeh.
  3762 | D:4      | Reached XP level 6. HP: 29/47 MP: 6/6
  4149 | D:4      | Reached skill level 6 in Axes
  4676 | D:5      | Entered Level 5 of the Dungeon
  4976 | D:5      | Noticed Grinder
  4982 | D:5      | Killed Grinder
  4982 | D:5      | Reached skill level 7 in Axes
  4982 | D:5      | Gained mutation: You are immune to freezing clouds. [demonic ancestry]
  4982 | D:5      | Reached XP level 7. HP: 52/52 MP: 7/7
  5066 | D:5      | Found a radiant altar of Vehumet.
  5128 | D:5      | Noticed Edmund
  5150 | D:5      | Killed Edmund
  5150 | D:5      | Reached skill level 8 in Axes
  5150 | D:5      | Reached skill level 1 in Evocations
  5232 | D:5      | Found a staircase to the Ecumenical Temple.
  5297 | D:5      | Reached **** piety under Trog
  5426 | D:5      | Reached XP level 8. HP: 58/58 MP: 8/8
  5714 | D:6      | Reached skill level 9 in Axes
  6838 | D:6      | Reached skill level 10 in Axes
  7215 | D:6      | Found a glowing silver altar of Zin.
  7284 | D:6      | HP: 2/87 [ogre/giant spiked club (3)]
  7285 | D:6      | Gained mutation: You are partially covered in rough black scales (AC +4, Dex -1). [demonic ancestry]
  7285 | D:6      | Reached XP level 9. HP: 2/63 MP: 9/9
  7641 | D:7      | Noticed Joseph
  7880 | D:7      | Killed Joseph
  7880 | D:7      | Reached skill level 11 in Axes
  8049 | D:7      | Noticed Pikel
  8074 | D:7      | HP: 3/94 [slave[Pikel] (6)]
  8077 | D:7      | Slain by Pikel

Action                   |  1- 3 |  4- 6 |  7- 9 || total
-------------------------+-------+-------+-------++-------
Melee: Hand axe          |   100 |   281 |   161 ||   542
       Battleaxe         |       |       |   118 ||   118
Invok: Berserk           |     1 |     4 |     6 ||    11
       Burn Spellbooks   |       |     1 |       ||     1
Evoke: Wand              |     1 |       |       ||     1
  Use: Potion            |       |     4 |     2 ||     6
 Stab: Sleeping          |     1 |       |       ||     1
  Eat: Chunk             |     2 |    15 |    13 ||    30
       Pizza             |       |       |     1 ||     1
       Beef jerky        |       |       |     1 ||     1
       Bread ration      |       |       |     2 ||     2
       Royal jelly       |       |       |     1 ||     1
